 Dungeon Crawl Stone Soup version 0.21-a0-404-g291f19a (webtiles) character file.

9898 tilp the Thaumaturge (level 11, -2/64 HPs)
             Began as a Deep Elf Fire Elementalist on Oct 29, 2017.
             Was a Priest of Vehumet.
             Slain by an eight-headed hydra (7 damage)
             ... on level 2 of the Lair of Beasts on Oct 30, 2017.
             The game lasted 00:51:14 (14694 turns).

tilp the Thaumaturge (Deep Elf Fire Elementalist)  Turns: 14694, Time: 00:51:14

Health: -2/64      AC:  6    Str:  5    XL:     11   Next: 29%
Magic:  8/28       EV: 14    Int: 24    God:    Vehumet [***...]
Gold:   726        SH:  5    Dex: 15    Spells: 12/32 levels left

rFire    . . .     SeeInvis .   b - staff of energy
rCold    . . .     Gourm    .   u - +0 buckler "Bidealun" {Slay+3}
rNeg     + + .     Faith    .   z - +0 robe {rN+}
rPois    .         Spirit   .   d - +0 helmet
rElec    .         Reflect  .   (no cloak)
rCorr    .         Harm     .   x - +2 pair of gloves
MR       +....                  (no boots)
Stlth    ++........             (no amulet)
HPRegen  0.20/turn              (no ring)
MPRegen  0.21/turn              R - ring of positive energy

@: no status effects
A: no striking features
a: Renounce Religion


You were on level 2 of the Lair of Beasts.
You worshipped Vehumet.
Vehumet was most pleased with you.
You were not hungry.

You visited 4 branches of the dungeon, and saw 15 of its levels.

You collected 966 gold pieces.
You spent 240 gold pieces at shops.

Inventory:

Hand Weapons
 a - a +3 dagger of venom
 k - a +3 rapier of flaming
 M - a +1 whip of freezing
Missiles
 h - 282 stones
 n - 85 sling bullets
 v - 5 tomahawks (quivered)
Armour
 d - a +0 helmet (worn)
 o - a +3 leather armour of poison resistance
 u - the +0 buckler "Bidealun" (worn) {Slay+3}
   (You found it on level 4 of the Dungeon)

   It affects your accuracy and damage with ranged weapons and melee attacks
   (+3).
 x - a +2 pair of gloves (worn)
 z - a +0 robe of positive energy (worn)
Magical Staves
 b - an uncursed staff of energy (weapon)
Jewellery
 y - a +1 ring of protection {unknown}
 R - a ring of positive energy (right hand)
Wands
 p - a wand of random effects (10/48)
 w - a wand of polymorph (10/24)
 A - a wand of lightning (7/15)
 B - a wand of paralysis (15/24)
 D - a wand of acid (3/15)
 J - a wand of iceblast (4/15)
 K - a wand of acid (4/15)
Scrolls
 c - 4 scrolls of magic mapping
 g - 6 scrolls of remove curse
 j - 2 scrolls of enchant armour {unknown}
 l - 4 scrolls of teleportation
 r - 2 scrolls of fear {unknown}
 C - 3 scrolls of recharging
 F - a scroll of fog {unknown}
 I - a scroll of holy word {unknown}
Potions
 e - 2 potions of haste
 i - a potion of berserk rage {unknown}
 m - 3 potions of curing
 t - 3 potions of cancellation
 E - a potion of might {unknown}
 G - a potion of invisibility {unknown}
 H - a potion of heal wounds {unknown}
 L - a potion of flight {unknown}
 N - a potion of resistance {unknown}
 O - a potion of ambrosia
Books
 s - a book of Clouds

   Spells                             Type                      Level
   a - Poisonous Vapours              Poison/Air                   2
   b - Mephitic Cloud                 Conjuration/Poison/Air       3
   c - Conjure Flame                  Conjuration/Fire             3
   d - Freezing Cloud                 Conjuration/Ice/Air          6
   e - Ring of Flames                 Charms/Fire                  7
Comestibles
 f - 5 royal jellies


   Skills:
 + Level 5.2 Fighting
 - Level 4.0 Dodging
 - Level 2.4 Stealth
 - Level 4.1 Shields
 + Level 11.2 Spellcasting
 * Level 10.4 Conjurations
 * Level 10.3 Fire Magic


You had 12 spell levels left.
You knew the following spells:

 Your Spells              Type           Power        Failure   Level  Hunger
a - Flame Tongue          Conj/Fire      #####        1%          1    None
b - Throw Flame           Conj/Fire      ######       1%          2    None
c - Conjure Flame         Conj/Fire      ######..     1%          3    None
d - Sticky Flame          Conj/Fire      ######..     1%          4    None
e - Fireball              Conj/Fire      ######....   1%          5    None
f - Corona                Hex            ##.....      4%          1    None
g - Freeze                Ice            ##..         1%          1    None
h - Mephitic Cloud        Conj/Pois/Air  ####....     1%          3    None


Dungeon Overview and Level Annotations

Branches:
Dungeon (10/15)            Temple (1/1) D:5            Lair (2/6) D:9
    Orc (2/2) D:9             Elf (0/3) Orc:2
  Swamp: Lair:2-4    Shoals: Lair:2-4     Snake: Lair:2-4    Spider: Lair:2-4

Altars:
Ashenzari
Cheibriados
Dithmenos
Elyvilon
Fedhas
Gozag
Hepliaklqana
Kikubaaqudgha
Makhleb
Nemelex Xobeh
Okawaru
Qazlal
Ru
Sif Muna
Trog
Uskayaw
Vehumet
Wu Jian
Xom
Yredelemnul
Zin
The Shining One
Beogh

Shops:
D:5 (***   D:7 (   D:8 ?


Message History

The eight-headed hydra bites you!
* * * LOW HITPOINT WARNING * * *
You block the eight-headed hydra's attack.
Unknown command.
Casting: Sticky Flame
Confirm with . or Enter, or press ? or * to list all spells.
Aiming: Sticky Flame
Press: ? - help, Shift-Dir - straight line, f/p - eight-headed hydra
Aim: an eight-headed hydra (flame, heavily wounded, covered in liquid flames)
The sticky flame hits the eight-headed hydra.
The eight-headed hydra is severely wounded.
The eight-headed hydra is covered in liquid flames!
The eight-headed hydra burns!
The eight-headed hydra is engulfed in blazing flames.
The eight-headed hydra bites you!
* * * LOW HITPOINT WARNING * * *
The eight-headed hydra barely misses you.
You block the eight-headed hydra's attack.
The eight-headed hydra bites you!
You die...

#.....#
#.....###
#.......#
.......#.
#........
#ยง.......
#D.......
#@.......
.........###.#.
........##
P.#.PP#..
.......#
......#.P .....
#.# ..#.P #..


You could see an eight-headed hydra (burning).

Vanquished Creatures
  A hydra (Lair:1)
  2 two-headed ogres (D:8)
  The ghost of p0werm0de the Chiller, a novice OpIE of Uskayaw (D:8)
  A cyclops (D:9)
  A troll (Orc:1)
  Grinder (D:4)
  A hippogriff (D:8)
  6 yaks
  2 wyverns (D:8)
  A basilisk (Lair:1)
  A hungry ghost (D:9)
  2 wargs
  The ghost of EvilAshe the Grave Robber, an amateur DENe (D:4)
  2 water moccasins
  Duvessa (D:4)
  2 porcupines (Lair:1)
  3 orc warriors
  2 ice beasts (D:5)
  4 sky beasts
  A phantom (D:7)
  A necrophage (D:9)
  4 ogres
  5 centaurs
  11 bullfrogs
  Dowan (D:4)
  A scorpion (D:8)
  6 killer bees (D:8)
  5 wights (D:6)
  A howler monkey (D:7)
  4 crimson imps
  A centaur zombie (D:6)
  A bullfrog zombie (D:7)
  5 hounds
  A jelly (D:5)
  3 orc priests (Orc:1)
  A centaur skeleton (D:7)
  11 orc wizards
  3 iguanas
  7 worker ants
  A killer bee zombie (D:7)
  A hound zombie (D:6)
  4 gnolls (D:7)
  8 adders
  2 oozes (D:3)
  A dart slug (D:1)
  6 leopard geckos
  34 orcs
  3 ball pythons
  2 bats (D:2)
  A bat zombie (D:7)
  7 giant cockroaches
  4 goblins
  12 hobgoblins
  3 quokkas
  A frilled lizard (D:2)
  9 kobolds
  A quokka skeleton (D:8)
  8 rats
  2 rat zombies (D:7)
  A fungus (D:3)
219 creatures vanquished.

Notes
Turn   | Place    | Note
-------+----------+-------------------------------------------
     0 | D:1      | tilp the Deep Elf Fire Elementalist began the quest for the Orb.
     0 | D:1      | Reached XP level 1. HP: 10/10 MP: 6/6
   662 | D:1      | Reached XP level 2. HP: 15/15 MP: 8/8
   666 | D:1      | Learned a level 2 spell: Throw Flame
  1438 | D:2      | Reached XP level 3. HP: 19/19 MP: 5/10
  1443 | D:2      | Learned a level 3 spell: Conjure Flame
  1502 | D:2      | Found a glowing golden altar of the Shining One.
  2212 | D:3      | Reached skill level 4 in Spellcasting
  2212 | D:3      | Reached XP level 4. HP: 24/24 MP: 3/12
  2289 | D:3      | Reached skill level 1 in Fighting
  2299 | D:3      | Learned a level 4 spell: Sticky Flame
  2406 | D:3      | Reached XP level 5. HP: 29/29 MP: 2/14
  3159 | D:3      | You fall through a shaft!
  3393 | D:4      | Got a faintly humming buckler
  3399 | D:4      | Identified the cursed +0 buckler "Bidealun" {Slay+3} (You found it on level 4 of the Dungeon)
  3426 | D:4      | Noticed Grinder
  3450 | D:4      | Noticed EvilAshe's ghost (amateur DENe)
  3458 | D:4      | Reached skill level 5 in Spellcasting
  3520 | D:4      | Noticed an ogre
  3535 | D:4      | Killed an ogre
  3535 | D:4      | Reached skill level 1 in Shields
  3535 | D:4      | Reached XP level 6. HP: 35/35 MP: 5/15
  3545 | D:4      | Noticed Duvessa
  4024 | D:4      | You fall through a shaft!
  4024 | D:5      | Entered Level 5 of the Dungeon
  4024 | D:5      | Found Keonum's General Store.
  4062 | D:5      | Bought a +2 pair of gloves for 214 gold pieces
  4157 | D:5      | Found Zool's General Store.
  4174 | D:5      | Found Koato's Assorted Antiques.
  4188 | D:5      | Noticed an ice beast
  4226 | D:5      | Learned a level 1 spell: Corona
  4251 | D:5      | Found a sacrificial altar of Ru.
  4371 | D:5      | Found a hazy altar of Hepliaklqana.
  4682 | D:5      | Noticed an ice beast
  4691 | D:5      | Killed an ice beast
  4691 | D:5      | Reached XP level 7. HP: 40/40 MP: 7/17
  4698 | D:5      | Found a staircase to the Ecumenical Temple.
  4782 | Temple   | Entered the Ecumenical Temple
  4832 | Temple   | Became a worshipper of Vehumet
  4939 | D:5      | Reached skill level 6 in Spellcasting
  4972 | D:5      | Learned a level 5 spell: Fireball
  5127 | D:5      | Found Fynec's Antique Weapon Emporium.
  5267 | D:5      | Found a deep blue altar of Sif Muna.
  5268 | D:5      | Found a white marble altar of Elyvilon.
  5522 | D:6      | Reached skill level 5 in Conjurations
  5522 | D:6      | Reached skill level 5 in Fire Magic
  5796 | D:6      | Found an opulent altar of Gozag.
  5810 | D:6      | Reached skill level 7 in Spellcasting
  5810 | D:6      | Reached XP level 8. HP: 46/46 MP: 17/20
  6498 | D:6      | Reached skill level 8 in Spellcasting
  7421 | D:7      | Reached skill level 9 in Spellcasting
  7424 | D:7      | Reached * piety under Vehumet
  7424 | D:7      | Offered knowledge of Freeze by Vehumet.
  7429 | D:7      | Learned a level 1 spell: Freeze
  7465 | D:7      | Found an ancient bone altar of Kikubaaqudgha.
  7504 | D:7      | Reached XP level 9. HP: 49/52 MP: 2/24
  8241 | D:7      | Found Muyllu's Antique Weapon Emporium.
  8556 | D:8      | Noticed p0werm0de's ghost (novice OpIE)
  8697 | D:8      | Reached skill level 10 in Spellcasting
  8829 | D:8      | Noticed a two-headed ogre
  9245 | D:8      | Reached ** piety under Vehumet
  9290 | D:8      | Found a bloodstained altar of Trog.
  9290 | D:8      | Found an iron altar of Okawaru.
  9290 | D:8      | Found a sparkling altar of Nemelex Xobeh.
  9405 | D:8      | Found Boufrufu's Magic Scroll Boutique.
  9417 | D:8      | Offered knowledge of Sandblast by Vehumet.
  9461 | D:8      | Noticed a two-headed ogre
  9479 | D:8      | Killed a two-headed ogre
  9479 | D:8      | Reached XP level 10. HP: 56/56 MP: 14/26
  9570 | D:8      | Bought a scroll of identify for 26 gold pieces
  9609 | D:8      | Killed a two-headed ogre
 10195 | D:8      | Killed p0werm0de's ghost
 10361 | D:9      | Found a staircase to the Lair.
 10447 | D:9      | Found a hide-covered altar of Uskayaw.
 10620 | D:9      | Found a staircase to the Orcish Mines.
 10651 | D:9      | Noticed a cyclops
 10679 | D:9      | Killed a cyclops
 10679 | D:9      | Offered knowledge of Static Discharge by Vehumet.
 11524 | D:10     | Entered Level 10 of the Dungeon
 11559 | D:10     | Found a snail-covered altar of Cheibriados.
 11606 | D:10     | Noticed a sixfirhy
 11889 | Orc:1    | Entered Level 1 of the Orcish Mines
 12522 | Orc:1    | Found a roughly hewn altar of Beogh.
 12526 | Orc:1    | Reached *** piety under Vehumet
 12574 | Orc:2    | Entered Level 2 of the Orcish Mines
 12599 | Orc:2    | Found a staircase to the Elven Halls.
 12605 | Orc:2    | Noticed an orc sorcerer
 12605 | Orc:2    | Noticed a cyclops
 12971 | D:4      | Killed Grinder
 13052 | D:4      | Killed EvilAshe's ghost
 13095 | D:4      | Noticed Dowan
 13095 | D:4      | Killed Duvessa
 13095 | D:4      | Killed Dowan
 13291 | Lair:1   | Entered Level 1 of the Lair of Beasts
 13295 | Lair:1   | Reached XP level 11. HP: 62/62 MP: 19/27
 13298 | Lair:1   | Reached skill level 5 in Fighting
 13300 | Lair:1   | Reached skill level 10 in Conjurations
 13620 | D:9      | Reached skill level 11 in Spellcasting
 13620 | D:9      | Reached skill level 10 in Fire Magic
 14110 | Lair:1   | Learned a level 3 spell: Mephitic Cloud
 14189 | Lair:1   | Noticed a six-headed hydra
 14199 | Lair:1   | Killed a six-headed hydra
 14690 | Lair:2   | Noticed an eight-headed hydra
 14694 | Lair:2   | Slain by an eight-headed hydra

Vault maps used:
D:1:      eino_arrival_cavern_b, roderic_lattice_a
D:2:      lemuel_crystal_altar
D:3:      minmay_gold_behind_fungi, lemuel_statue_altar
D:4:      first_bread, uniq_duvessa, uniq_grinder
D:5:      nicolae_overflow_crystal_walls, lemuel_crystal_altar,
          gammafunk_temple_overflow_statue, serial_shops,
          nicolae_shop_overgrown_old_shop, nicolae_shop_behind_doors, shop, shop
D:6:      st_stairs_10, grunt_gozag_statues
D:7:      lemuel_zombie_altar_kikubaaqudgha, serial_shops,
          nicolae_shop_overgrown_old_shop
D:8:      gammafunk_temple_overflow_forgotten, serial_shops, shop
D:9:      lair_entry_dummy, orc_david_3, basic_altar
D:10:     cheibrodos_helix_gallery, basic_altar
Temple:   dshaligram_water_room_temple
Lair:1:   nicolae_quartered_pool_little, minivault_24
Lair:2:   minmay_shoals_entry_lonely_mermaid, grunt_forest_stairs_basic,
          serial_bayou_shore_b
Orc:1:    special_room, david_defended_altar_orc
Orc:2:    st_orc_town

Skill      XL: |  1  2  3  4  5  6  7  8  9 10 11 |
---------------+----------------------------------+-----
Conjurations   | 2 3 4 5 6 8 9 10 | 10.4
Spellcasting   | 4 5 7 9 10 11 | 11.2
Fire Magic     | 4 5 6 8 9 10 | 10.3
Fighting       | 1 2 3 4 5 |  5.2
Shields        | 1 2 3 4 |  4.1
Dodging        | 3 4 |  4.0
Stealth        | |  2.4

Action                   |  1- 3 |  4- 6 |  7- 9 | 10-12 || total
-------------------------+-------+-------+-------+-------++-------
Melee: Dagger            |     8 |    36 |    95 |    18 ||   157
       Staff             |       |       |       |     8 ||     8
       Rapier            |       |       |       |     1 ||     1
 Cast: Flame Tongue      |    40 |    47 |   141 |    96 ||   324
       Throw Flame       |    20 |    25 |    29 |    28 ||   102
       Conjure Flame     |     1 |     3 |    26 |    15 ||    45
       Sticky Flame      |       |     4 |    22 |    23 ||    49
       Corona            |       |       |     1 |       ||     1
       Fireball          |       |       |     2 |    21 ||    23
       Freeze            |       |       |       |     4 ||     4
Evoke: Wand              |       |       |    10 |       ||    10
  Use: Scroll            |       |       |     9 |     7 ||    16
       Potion            |       |       |     2 |     6 ||     8
 Stab: Sleeping          |     6 |       |     1 |       ||     7
       Distracted        |       |       |     1 |       ||     1
  Eat: Chunk             |     2 |     6 |     9 |    14 ||    31
       Bread ration      |     1 |       |     1 |       ||     2
       Fruit             |       |       |     3 |     3 ||     6
Armor: Robe              |     2 |     2 |    24 |    10 ||    38
       Skin              |       |       |       |     8 ||     8
Dodge: Dodged            |     4 |    18 |    67 |    55 ||   144
Block: Buckler           |       |     7 |    26 |    21 ||    54

Table legend:
 A = Spawn XP
 B = Non-spawn XP
 C = Spawn XP percentage of total XP
 D = Spawn monster count
 E = Non-spawn monster count
 F = Spawn count percentage of total count
 G = Total turns spent on level
                    A         B        C        D         E        F      G
               +---------+---------+-------+---------+---------+-------+---------
         Total |       0 |   14141 |   0.0 |       0 |     218 |   0.0 | 14694
               +---------+---------+-------+---------+---------+-------+---------
           D:1 |       0 |      21 |   0.0 |       0 |      12 |   0.0 |  1097
           D:2 |       0 |      40 |   0.0 |       0 |      16 |   0.0 |  1095
           D:3 |       0 |     209 |   0.0 |       0 |      31 |   0.0 |  1063
           D:4 |       0 |     838 |   0.0 |       0 |       9 |   0.0 |  1050
           D:5 |       0 |     653 |   0.0 |       0 |      14 |   0.0 |  1286
           D:6 |       0 |     995 |   0.0 |       0 |      17 |   0.0 |  1446
           D:7 |       0 |    1269 |   0.0 |       0 |      25 |   0.0 |  1774
           D:8 |       0 |    4215 |   0.0 |       0 |      32 |   0.0 |  1755
           D:9 |       0 |    2714 |   0.0 |       0 |      36 |   0.0 |  2248
          D:10 |       0 |     138 |   0.0 |       0 |       3 |   0.0 |   114
        Lair:1 |       0 |    2137 |   0.0 |       0 |       9 |   0.0 |   934
        Lair:2 |       0 |      93 |   0.0 |       0 |       1 |   0.0 |    10
         Orc:1 |       0 |     773 |   0.0 |       0 |      10 |   0.0 |   655
         Orc:2 |       0 |      46 |   0.0 |       0 |       3 |   0.0 |    37
               +---------+---------+-------+---------+---------+-------+---------
